 Dungeon Crawl Stone Soup version 0.31-a0-1309-gbf3fed316f (webtiles) character file.

Game seed: 1087631484867822854

8563 Bnni the Geomancer (level 11, 0/86 HPs)
             Began as a Formicid Earth Elementalist on Dec 20, 2023.
             Was a Believer of Cheibriados.
             Killed from afar by an ancient lich (86 damage)
             ... with a bolt of acid
             ... on level 1 of the Abyss.
             The game lasted 00:35:37 (9940 turns).

Bnni the Geomancer (Formicid Earth Elementalist)    Turns: 9940, Time: 00:35:37

Health: 0/86       AC: 11    Str: 23    XL:     11   Next: 58%
Magic:  19/19      EV: 11    Int: 25    God:    Cheibriados [**....]
Gold:   367        SH:  6    Dex: 19    Spells: 7/21 levels left

rFire   . . .        M - staff of earth
rCold   . . .        I - +0 buckler
rNeg    . . .        z - +0 swamp dragon scales
rPois   +            (helmet unavailable)
rElec   .            o - +0 cloak
rCorr   .            (no gloves)
SInv    +            k - +0 pair of boots
Will    +....        G - amulet of regeneration
Stlth   ++           d - +6 ring of strength
HPRegen 1.14/turn    a - ring of wizardry
MPRegen 0.16/turn

%: wizardry (x1)
@: very slow
A: permanent stasis, dig shafts and tunnels, antennae 3, four strong arms
a: Dig, Shaft Self, Renounce Religion, Bend Time


You were on level 1 of the Abyss.
You worshipped Cheibriados.
Cheibriados was pleased with you.
You visited 2 branches of the dungeon, and saw 10 of its levels.
You visited the Abyss 1 time.
You also visited: Ossuary.

You collected 667 gold pieces.
You spent 300 gold pieces at shops.

Inventory:

Missiles
 y - a throwing net
 H - 3 curare-tipped darts
Armour
 k - a +0 pair of boots (worn)
 o - a +0 cloak (worn)
 z - +0 swamp dragon scales (worn)
 D - a +0 plate armour
 I - a +0 buckler (worn)
Magical Staves
 s - a staff of conjuration
 M - a staff of earth (weapon)
Jewellery
 a - a ring of wizardry (right hand)
 d - a +6 ring of strength (left hand)
 G - an amulet of regeneration (around neck)
 K - an amulet of guardian spirit
Wands
 j - a wand of flame (10)
 x - a wand of polymorph (9)
 A - a wand of digging (12)
 C - a wand of roots (2)
Scrolls
 h - a scroll of fog
 i - 2 scrolls of noise {unknown}
 l - a scroll of fear {unknown}
 p - 2 scrolls of enchant weapon
 q - 2 scrolls of immolation
 r - a scroll of acquirement {unknown}
 t - 2 scrolls of amnesia
 w - a scroll of revelation
 F - a scroll of enchant armour
 J - a scroll of vulnerability {unknown}
Potions
 b - a potion of magic
 c - a potion of attraction
 f - a potion of enlightenment {unknown}
 g - 9 potions of curing
 m - 2 potions of resistance
 n - 4 potions of mutation
 u - a potion of cancellation
 v - 2 potions of heal wounds
 B - a potion of might {unknown}
 E - 2 potions of degeneration {unknown}


   Skills:
 + Level 8.0 Fighting
 + Level 5.1 Armour
 - Level 1.7 Dodging
 - Level 2.4 Stealth
 + Level 4.1 Shields
 - Level 5.6 Spellcasting
 - Level 5.0 Conjurations
 - Level 2.0 Transmutations
 + Level 11.7 Earth Magic
 * Level 9.3 Invocations


You had 7 spell levels left.
You knew the following spells:

 Your Spells              Type           Power      Damage    Failure   Level
a - Sandblast             Erth           100%       2d20      1%          1
b - Passwall              Tmut/Erth      48%        N/A       1%          2
c - Stone Arrow           Conj/Erth      100%       3d13      1%          3
d - Brom's Barrelling Bo  Conj/Erth      65%        2d8       1%          4
e - Petrify               Tmut/Erth      58%        N/A       3%          4

Your spell library contained the following spells:

 Spells                   Type           Power      Damage    Failure   Level
 Poisonous Vapours        Pois/Air       14%        N/A       9%          2
 Mephitic Cloud           Conj/Pois/Air  15%        N/A       9%          3
 Freezing Cloud           Conj/Ice/Air   7%         6-21      58%         5
 Summon Forest            Summ/Tloc      3%         N/A       82%         5
 Eringya's Noxious Bog    Tmut/Pois      6%         4d6       99%         6
 Summon Hydra             Summ           3%         N/A       100%        7


Dungeon Overview and Level Annotations

Branches:
Dungeon (9/15)             Temple (1/1) D:7         Ossuary (visited)
   Lair: D:8-11         Orc: D:9-12

Altars:
Ashenzari
Cheibriados
Dithmenos
Fedhas
Gozag
Hepliaklqana
Makhleb
Nemelex Xobeh
Okawaru
Qazlal
Ru
Sif Muna
Trog
Uskayaw
Vehumet
Wu Jian
Xom
Yredelemnul
Zin
The Shining One

Shops:
D:9 *

Annotations:
D:5 2 transporters, Absurdism's ghost, novice GrFi
D:9 Erolcha


Innate Abilities, Weirdness & Mutations

You cannot be hasted, slowed, berserked, paralysed or teleported.
You can dig through walls and to a lower floor.
You have a pair of large antennae on your head. (SInv)
Your four strong arms can wield two-handed weapons with a shield.


Message History

You are cast into the Abyss!
This branch contains the abyssal rune of Zot.
Beware, you cannot shaft yourself on this level.
Found a gateway leading deeper into the Abyss.
Okay, then.
An ancient lich comes into view.
Okay, then.
Okay, then.
Press: ? - help, v - describe, . - travel
Here: an ancient lich The floor.
Unknown command.
Aiming: Polymorph
Press: ? - help, Shift-Dir - straight line, f - ancient lich
Aim: an ancient lich (infinite will)
Okay, then.
Unknown command.
Aiming: Fastroot
Press: ? - help, Shift-Dir - straight line, f - ancient lich
Aim: an ancient lich The roots erupt in riotous growth!
Roots grab the ancient lich.
The grasping roots constrict the ancient lich.
You hear a screech!
The ancient lich casts a spell at you.
You barely resist.
Throw: 2 throwing nets
Press: ? - help, Shift-Dir - straight line, f/p - ancient lich
Aim: an ancient lich (constricted by roots, 90% to hit)
You throw a throwing net. The throwing net hits the ancient lich.
The ancient lich is caught in the net!
The grasping roots constrict the ancient lich.
The roots release their grip on the ancient lich.
The ancient lich struggles against the net.
A spatial vortex comes into view.
An orange demon comes into view.
The ancient lich points at you and mumbles some strange words.
The bolt of acid hits you!!!!
Ouch! That really hurt!
You die...

{ ..# ... .#.# #.
.. {... .. #.#.#.
#. ..##.. #. #v#
##..#.{..# .# .##
#.. #.......... #
... #..###4..
{..# ..
.....#..#####
#.##..#.##.##
#..@..##.## ##
##.###L..##.. #
#.. ##.#.# ..##
#.# #....#...# {
.. ยง....... ..
... ###L.#... #
.. .#. . ...#..
.## ..##
#.###.....#..##..
#.
......#.#.#....


You could see an ancient lich (caught) and an orange demon.

Vanquished Creatures
  Erica (D:9)
  Jeremiah (D:8)
  Maggie (D:6)
  2 kobold demonologists (D:9)
  A hornet (D:7)
  Grinder (D:5)
  A vampire (D:9)
  Eustachio (D:5)
  15 yaks
  A wyvern (D:9)
  3 steam dragons
  Edmund (D:5)
  2 water moccasins
  An ice beast (D:8)
  3 orc warriors
  3 centaurs
  4 ogres
  A wyvern zombie (Ossuary)
  2 water moccasin zombies (Ossuary)
  A bullfrog (D:6)
  A scorpion (D:4)
  6 killer bees (D:8)
  A howler monkey (D:5)
  3 centaur zombies (Ossuary)
  11 bullfrog zombies (Ossuary)
  Crazy Yiuf (D:3)
  2 gnoll boudas
  3 jellies
  2 hounds
  2 orc priests
  A sleepcap (D:5)
  6 orc wizards
  6 iguanas
  5 killer bee zombies (Ossuary)
  15 mummies (Ossuary)
  A howler monkey zombie (Ossuary)
  6 adders
  9 gnolls
  A white imp (D:6)
  2 ufetubi (D:6)
  2 worms
  20 orcs
  6 endoplasms
  2 giant cockroaches (D:1)
  3 hobgoblins
  3 quokkas
  7 ball pythons
  5 bats
  A frilled lizard (D:1)
  9 goblins
  19 kobolds
  11 rats
218 creatures vanquished.

Vanquished Creatures (collateral kills)
  A boulder (D:9)
1 creature vanquished.

Vanquished Creatures (others)
  An orc wizard (D:4)
1 creature vanquished.

Grand Total: 220 creatures vanquished

Notes
Turn   | Place    | Note
-------+----------+-------------------------------------------
     0 | D:1      | Bnni the Formicid Earth Elementalist began the quest for
                  | the Orb.
     0 | D:1      | Reached XP level 1. HP: 13/13 MP: 3/3
   182 | D:1      | Reached XP level 2. HP: 14/20 MP: 5/5
   185 | D:1      | Learned a level 2 spell: Passwall
   310 | D:1      | Reached skill level 4 in Earth Magic
   427 | D:1      | Reached XP level 3. HP: 25/25 MP: 6/6
   898 | D:1      | Learned a level 3 spell: Stone Arrow
   927 | D:2      | Reached skill level 1 in Fighting
  1032 | D:2      | Reached XP level 4. HP: 22/32 MP: 4/8
  1587 | D:2      | Reached skill level 5 in Earth Magic
  1613 | D:2      | Found a faded altar of an unknown god.
  1900 | D:2      | Reached XP level 5. HP: 37/38 MP: 7/9
  2032 | D:3      | Reached skill level 1 in Conjurations
  2248 | D:3      | Found a runed translucent door.
  2249 | D:3      | Noticed Crazy Yiuf
  2264 | D:3      | Killed Crazy Yiuf
  2274 | D:3      | Identified the +0 hammer "Mosyseub" {flame, Will++ rCorr
                  | SInv}
  2618 | D:4      | Reached XP level 6. HP: 46/46 MP: 4/10
  3247 | D:4      | Learned a level 4 spell: Brom's Barrelling Boulder
  3301 | D:4      | Found a shimmering blue altar of Sif Muna.
  3307 | D:4      | Reached skill level 6 in Earth Magic
  3424 | D:5      | Entered Level 5 of the Dungeon
  3428 | D:5      | Reached XP level 7. HP: 51/51 MP: 8/12
  3428 | D:5      | Found a sand-covered staircase.
  3470 | Ossuary  | Entered an ossuary
  3670 | Ossuary  | Reached skill level 7 in Earth Magic
  3670 | Ossuary  | Reached XP level 8. HP: 58/58 MP: 10/14
  4065 | Ossuary  | Reached skill level 8 in Earth Magic
  4316 | Ossuary  | Reached XP level 9. HP: 66/66 MP: 12/16
  4419 | D:5      | Learned a level 4 spell: Petrify
  4472 | D:5      | Reached skill level 5 in Conjurations
  4504 | D:5      | Reached skill level 5 in Spellcasting
  4504 | D:5      | Reached skill level 1 in Invocations
  4569 | D:5      | Noticed a troll
  4572 | D:5      | Noticed Absurdism's ghost (novice GrFi)
  4574 | D:5      | Found a transporter.
  4750 | D:5      | Found a transporter.
  4764 | D:5      | Noticed Edmund
  4766 | D:5      | Found a glowing golden altar of the Shining One.
  4772 | D:5      | Killed Edmund
  4773 | D:5      | Reached skill level 9 in Earth Magic
  4801 | D:5      | Reached skill level 5 in Fighting
  4852 | D:5      | Noticed Grinder
  4857 | D:5      | Killed Grinder
  4883 | D:5      | Noticed Eustachio
  4895 | D:5      | Killed Eustachio
  5094 | D:5      | Found a stormy altar of Qazlal.
  6117 | D:6      | Noticed Maggie
  6127 | D:6      | Killed Maggie
  6128 | D:6      | Reached skill level 10 in Earth Magic
  6128 | D:6      | Reached XP level 10. HP: 25/76 MP: 9/18
  6298 | D:6      | Found a shadowy altar of Dithmenos.
  6659 | D:6      | Found an ornate altar of the Wu Jian Council.
  6752 | D:6      | Reached skill level 1 in Armour
  6803 | D:6      | Reached skill level 5 in Invocations
  7451 | D:7      | Found a staircase to the Ecumenical Temple.
  7458 | Temple   | Entered the Ecumenical Temple
  7466 | Temple   | Became a worshipper of Cheibriados the Contemplative
  8230 | D:8      | Noticed Jeremiah
  8266 | D:8      | Killed Jeremiah
  8299 | D:8      | Reached * piety under Cheibriados
  8302 | D:8      | HP: 3/69 [killer bee (3)]
  8333 | D:8      | Reached skill level 11 in Earth Magic
  8578 | D:8      | Found a hazy altar of Hepliaklqana.
  9184 | D:8      | Reached skill level 1 in Shields
  9194 | D:8      | Reached XP level 11. HP: 67/84 MP: 9/19
  9289 | D:9      | Reached ** piety under Cheibriados
  9627 | D:9      | Reached skill level 5 in Armour
  9797 | D:9      | Found Ypnufotz's Elemental Accessories.
  9800 | D:9      | Noticed Erica
  9808 | D:9      | Killed Erica
  9822 | D:9      | Bought a staff of earth for 300 gold pieces
  9841 | D:9      | Noticed Erolcha
  9844 | Abyss:1  | Cast into level 1 of the Abyss (Erolcha)
  9931 | Abyss:1  | Noticed an ancient lich
  9940 | Abyss:1  | Killed from afar by an ancient lich

Illustrated notes

Levels and vault maps discovered:
D:1:      dpeg_arrival_houses_and_road, layout_loops_ring
D:2:      layout_basic, hellmonk_ecumenical_altar_arch_garden
D:3:      layout_rooms, uniq_crazy_yiuf_cottage
D:4:      layout_gridville, kennysheep_orc_sif_temple
D:5:      layout_layer_cave, mainiacjoe_overflow_catwalk_spiral, serial_glass,
          glass_columns_c, glass_columns_b,
          lightli_ossuary_entry_decrepit_ruins, gammafunk_ghost_arena,
          uniq_grinder, uniq_edmund, uniq_eustachio
D:6:      cheibrodos_steamvent, layout_cave_pods,
          nicolae_dithmenos_shadow_blocks, mainiacjoe_overflow_brackets,
          uniq_maggie
D:7:      layout_rooms, minmay_temple_entry_enclosed_plants
D:8:      layout_basic, mainiacjoe_overflow_surrounded_room, uniq_jeremiah
D:9:      layout_big_octagon, gammafunk_ghost_smash, nicolae_elemental_shop,
          minmay_statues_item, serial_library_hellmonk_filled_rooms,
          nicolae_concentric_dashed_squares_mild, uniq_erica, uniq_erolcha
Temple:   nicolae_temple_great_sept
Abyss:1:  base:
D:2

Skill      XL: |  1  2  3  4  5  6  7  8  9 10 11 |
---------------+----------------------------------+-----
Earth Magic    | 4 5 6 7 8 10 11 | 11.7
Transmutations | 2 |  2.0
Fighting       | 1 2 3 4 5 7 8 |  8.0
Spellcasting   | 3 4 5 |  5.6
Conjurations   | 1 2 3 4 5 |  5.0
Invocations    | 3 7 9 |  9.3
Armour         | 3 5 |  5.1
Shields        | 1 4 |  4.1
Dodging        | |  1.7
Stealth        | |  2.4

Action                     |  1- 3 |  4- 6 |  7- 9 | 10-12 || total
---------------------------+-------+-------+-------+-------++-------
  Melee: Short sword       |    34 |    54 |    57 |    41 ||   186
         Unarmed           |     4 |       |       |       ||     4
         Club              |     3 |       |       |       ||     3
  Throw: Dart              |       |       |       |    15 ||    15
         Throwing net      |       |       |       |     3 ||     3
   Cast: Sandblast         |    24 |    69 |   160 |   156 ||   409
         Stone Arrow       |       |       |     1 |     5 ||     6
         Brom's Barrelling |       |       |       |     2 ||     2
Ability: Dig               |       |       |       |     4 ||     4
  Evoke: Wand              |       |       |     1 |     1 ||     2
    Use: Scroll            |       |       |    11 |     4 ||    15
         Potion            |       |       |     1 |     3 ||     4
   Stab: Sleeping          |     3 |       |       |       ||     3
 Armour: Robe              |    28 |    19 |       |       ||    47
         Leather armour    |       |    37 |   134 |       ||   171
         Swamp dragon scal |       |       |       |   142 ||   142
  Dodge: Dodged            |    29 |    71 |   132 |    98 ||   330
  Block: Buckler           |       |       |       |    30 ||    30

Table legend: (Time is in decaauts)
 A = Elapsed time spent in this place.
 B = Non-inter-level travel time spent in this place.
 C = Inter-level travel time spent in this place.
 D = Time resting spent in this place.
 E = Time spent auto-exploring this place.
 F = Levels seen in this place.
 G = Mean time per level.
                   A        B        C        D        E       F      G
               +--------+--------+--------+--------+--------+-----+--------+
         Total |  10756 |  10480 |    276 |   1096 |   7256 |  12 |  896.3 |
       Dungeon |   9603 |   9336 |    267 |    544 |   7197 |   9 | 1067.0 |
        Temple |     18 |      9 |      9 |      0 |      0 |   1 |   18.0 |
         Abyss |    147 |    147 |      0 |      0 |      0 |   1 |  147.0 |
       Ossuary |    987 |    987 |      0 |    552 |     58 |   1 |  987.0 |
               +--------+--------+--------+--------+--------+-----+--------+

Top non-repeatable levels by time:
     D:8: 1804 daAuts
     D:5: 1698 daAuts
     D:6: 1331 daAuts
     D:2: 1013 daAuts
 Ossuary: 987 daAuts
     D:1: 906 daAuts
     D:4: 835 daAuts
     D:3: 717 daAuts
     D:9: 649 daAuts
     D:7: 645 daAuts
 Abyss:1: 147 daAuts
  Temple: 18 daAuts
